 Dungeon Crawl Stone Soup version 0.30.1-11-g7821555f0a (webtiles) character file.

Game seed: 8879690802757551127

7706 growler the Zephyrmancer (level 11, -6/62 HPs)
             Began as a Tengu Air Elementalist on Oct 31, 2023.
             Was a Believer of Hepliaklqana.
             Shot with an arrow by a centaur warrior (17 damage)
             ... on level 9 of the Dungeon on Nov 5, 2023.
             The game lasted 00:27:23 (10254 turns).

growler the Zephyrmancer (Tengu Air Elementalist)  Turns: 10254, Time: 00:27:23

Health: -6/62      AC:  6    Str: 10    XL:     11   Next: 19%
Magic:  8/21       EV: 14    Int: 25    God:    Hepliaklqana [**....]
Gold:   610        SH:  0    Dex: 14    Spells: 6/22 levels left

rFire   . . .        d - staff of air
rCold   + + +        (no shield)
rNeg    . . .        J - +4 skin of Zhor {*Englaciate rC+++ SInv}
rPois   .            (helmet restricted)
rElec   +            (no cloak)
rCorr   .            (no gloves)
SInv    +            (boots unavailable)
Will    .....        C - amulet of the acrobat
Stlth   ++           p - +6 ring of intelligence
HPRegen 0.30/turn    z - ring of wizardry
MPRegen 0.17/turn

%: acrobat, wizardry (x1)
@: flying quickly and evasively, studying Fire Magic, quick
A: reduced essence, beak, talons 3, nimble flight
a: Renounce Religion, Recall Ancestor, Ancestor Identity


You were on level 9 of the Dungeon.
You worshipped Hepliaklqana.
Hepliaklqana was pleased with you.
You visited 2 branches of the dungeon, and saw 10 of its levels.

You collected 610 gold pieces.

Inventory:

Hand Weapons
 A - a +0 dagger
Missiles
 u - 2 throwing nets
Armour
 a - a +0 robe
 J - the +4 skin of Zhor (worn) {*Englaciate rC+++ SInv}
   (You found it on level 7 of the Dungeon)

   *Englaciate: It radiates cold, occasionally slowing all nearby creatures who
   are not resistant to cold.
   rC:        It renders you almost immune to cold.
   SInv:      It lets you see invisible.
Magical Staves
 d - a staff of air (weapon)
Jewellery
 k - a +6 ring of strength
 n - a ring of protection from cold
 p - a +6 ring of intelligence (left hand)
 w - an amulet of faith
 z - a ring of wizardry (right hand)
 B - a ring of positive energy
 C - an amulet of the acrobat (around neck)
Wands
 F - a wand of roots (18)
 H - a wand of flame (33)
 K - a wand of digging (1)
Scrolls
 e - a scroll of vulnerability {unknown}
 g - 2 scrolls of fear {unknown}
 h - 2 scrolls of teleportation
 l - a scroll of summoning {unknown}
 o - a scroll of enchant armour {unknown}
 q - 2 scrolls of amnesia {unknown}
 r - 2 scrolls of magic mapping {unknown}
 v - 9 scrolls of identify
 y - 5 scrolls of poison {unknown}
 D - a scroll of enchant weapon {unknown}
 G - a scroll of fog {unknown}
 L - a scroll of immolation {unknown}
Potions
 b - a potion of magic
 c - a potion of cancellation
 f - 6 potions of curing {unknown}
 i - 3 potions of resistance
 j - 3 potions of heal wounds
 m - 2 potions of lignification
 s - 2 potions of degeneration {unknown}
 t - a potion of ambrosia {unknown}
 x - a potion of berserk rage
 E - 2 potions of mutation {unknown}
 I - 2 potions of might {unknown}


   Skills:
 + Level 8.5 Fighting
 - Level 2.1 Dodging
 - Level 2.0 Stealth
 - Level 6.0 Spellcasting
 - Level 6.0 Conjurations
 + Level 11.8 Fire Magic
 + Level 13.4 Air Magic


You had 6 spell levels left.
You knew the following spells:

 Your Spells              Type           Power      Damage    Failure   Level
a - Shock                 Conj/Air       100%       1d9       1%          1
b - Static Discharge      Conj/Air       100%       2-7/arc   1%          2
c - Swiftness             Air            84%        N/A       1%          3
d - Airstrike             Air            42%        2d(6-22)  1%          4
e - Plasma Beam           Fire/Air       41%        2x1d60    2%          6

Your spell library contained the following spells:

 Spells                   Type           Power      Damage    Failure   Level
 Foxfire                  Conj/Fire      100%       2x1d9     1%          1
 Cigotuvi's Dreadful Rot  Necr/Pois/Air  88%        N/A       1%          2
 Stone Arrow              Conj/Erth      44%        3d9       2%          3
 Fireball                 Conj/Fire      25%        3d11      2%          5
 Sandblast                Erth           14%        2d6       3%          1
 Ensorcelled Hibernation  Hex/Ice        14%        N/A       4%          2
 Passwall                 Tmut/Erth      5%         N/A       4%          2
 Spider Form              Tmut/Pois      7%         N/A       9%          3
 Summon Guardian Golem    Hex/Summ       7%         N/A       9%          3
 Starburst                Conj/Fire      25%        6d8       12%         6
 Anguish                  Hex/Necr       3%         N/A       28%         4
 Animate Armour           Summ/Erth      14%        N/A       28%         4
 Dispel Undead            Necr           7%         3d8       28%         4
 Death Channel            Necr           3%         N/A       98%         6
 Orb of Destruction       Conj           18%        9d8       88%         7
 Spellforged Servitor     Conj/Summ      11%        N/A       99%         7
 Lehudib's Crystal Spear  Conj/Erth      11%        10d4      100%        8


Dungeon Overview and Level Annotations

Branches:
Dungeon (9/15)             Temple (1/1) D:5
   Lair: D:8-11         Orc: D:9-12

Altars:
Ashenzari
Cheibriados
Dithmenos
Elyvilon
Fedhas
Gozag
Hepliaklqana
Kikubaaqudgha
Makhleb
Nemelex Xobeh
Okawaru
Qazlal
Ru
Trog
Vehumet
Wu Jian
Xom
Yredelemnul
The Shining One


Innate Abilities, Weirdness & Mutations

Your life essence is reduced to manifest your ancestor. (-10% HP)
You have a beak for a mouth.
You have claws for feet.
Your magical nature lets you fly swiftly and evasively.


Message History

The fiery plasma hits the cyclops!
You kill the cyclops!
A centaur warrior comes into view. It is wielding a +0 hand axe.
The centaur warrior unwields a +0 hand axe.
The centaur warrior wields a +0 shortbow.
The centaur warrior shoots an arrow.
The arrow misses you.
Items here: ! $ ) [.
Casting: Plasma Beam (dangerous; 2% risk of failure)
Confirm with . or Enter, or press ? or * to list all spells.
Casting: Plasma Beam (dangerous; 2% risk of failure)
Press: ? - help, Dir - look around, f - activate You feel a surge of power!
The bolt of lightning misses the centaur warrior.
The fiery plasma hits the centaur warrior.
The centaur warrior is lightly wounded.
You hear a shout!
The centaur warrior shoots an arrow.
The arrow hits you!!
Casting: Plasma Beam (dangerous; 2% risk of failure)
Confirm with . or Enter, or press ? or * to list all spells.
Casting: Plasma Beam (dangerous; 2% risk of failure)
Press: ? - help, Dir - look around, f - activate You feel a surge of power!
The bolt of lightning misses the centaur warrior.
The fiery plasma misses the centaur warrior.
The centaur warrior shoots an arrow.
The arrow hits you!!
* * * LOW HITPOINT WARNING * * *
The centaur warrior shoots an arrow.
The arrow hits you.
* * * LOW HITPOINT WARNING * * *
Unknown command.
Okay, then.
You feel much better.
The centaur warrior shoots an arrow.
The arrow hits you!
The centaur warrior shoots an arrow.
The arrow completely misses you.
The centaur warrior shoots an arrow.
The arrow hits you!
* * * LOW HITPOINT WARNING * * *
A six-headed hydra comes into view.
There is a stone staircase leading up here.
Reggie B. points at the centaur warrior and mumbles some strange words.
The centaur warrior easily resists.
The centaur warrior shoots an arrow.
The arrow hits you!
You die...

#.##.#..........##.#.#..#
#.##)####.####.....#.)..#
#.##.## #<# #.#######..#
#.##..###.# #.# #..#
#.###..##.# #.# ##).#
#....#<##.####.######)..+
######...........#........#
#........##.###......D##..#
###....#.##.##@††.######..#
#######........))...[.......#
.............###..#####'#####
.#######.##......R#
#......##..# ##..##.##..#
##....##()# #..#.....c)
#.##.###..#.#


You could see the friendly Reggie B. the hexer, a six-headed hydra (wandering)
and a centaur warrior (ally target).

Vanquished Creatures
  A hydra (D:9)
  A centaur warrior (D:9)
  A cyclops (D:9)
  6 rime drakes (D:7)
  A komodo dragon (D:9)
  A troll (D:9)
  A hornet (D:9)
  A wyvern (D:7)
  Sigmund (D:6)
  A vampire mosquito (D:9)
  A steam dragon (D:6)
  Menkaure (D:5)
  An acid dragon (D:8)
  2 water moccasins
  2 ice beasts
  3 sky beasts
  A black bear (D:5)
  3 ogres
  2 centaurs (D:9)
  A kobold brigand (D:7)
  3 bullfrogs
  2 gnoll sergeants
  4 scorpions
  3 wights (D:9)
  A vampire bat (D:3)
  5 howler monkeys
  A jelly (D:7)
  3 orc priests
  A gnoll bouda (D:9)
  3 hounds
  2 sleepcaps
  3 iguanas (D:4)
  An orc wizard (D:9)
  2 human simulacra (D:9)
  9 gnolls
  9 adders
  A shadow imp (D:8)
  2 ufetubi
  2 worms (D:3)
  3 dart slugs
  10 orcs
  4 ball pythons
  2 bat skeletons (D:3)
  2 bat zombies (D:3)
  7 endoplasms
  3 giant cockroaches
  6 goblins
  2 hobgoblins
  7 kobolds
  9 quokkas
  5 bats
  4 frilled lizards
  6 rats
159 creatures vanquished.

Vanquished Creatures (collateral kills)
  An ice beast (D:7)
  An orc warrior (D:9)
  A centaur (D:9)
  A wight (D:9)
  2 gnolls (D:9)
  2 butterflies (D:6)
8 creatures vanquished.

Vanquished Creatures (others)
  A hexer (D:9)
  3 ancestors (D:7)
4 creatures vanquished.

Grand Total: 171 creatures vanquished

Notes
Turn   | Place    | Note
-------+----------+-------------------------------------------
     0 | D:1      | growler the Tengu Air Elementalist began the quest for the
                  | Orb.
     0 | D:1      | Reached XP level 1. HP: 10/10 MP: 4/4
   111 | D:1      | Found a faded altar of an unknown god.
   188 | D:1      | Reached XP level 2. HP: 15/15 MP: 4/6
   191 | D:1      | Learned a level 2 spell: Static Discharge
   609 | D:1      | Reached XP level 3. HP: 19/19 MP: 3/7
   613 | D:1      | Learned a level 3 spell: Swiftness
  1741 | D:2      | Reached XP level 4. HP: 24/24 MP: 7/9
  1854 | D:2      | Reached skill level 5 in Air Magic
  2243 | D:3      | Gained mutation: Your magical nature lets you fly swiftly
                  | and evasively. [Tengu growth]
  2243 | D:3      | Reached XP level 5. HP: 26/28 MP: 1/10
  2248 | D:3      | Learned a level 4 spell: Airstrike
  2405 | D:3      | Found a blossoming altar of Fedhas.
  2513 | D:3      | Found an ancient bone altar of Kikubaaqudgha.
  3005 | D:4      | Reached skill level 6 in Air Magic
  3005 | D:4      | Reached XP level 6. HP: 32/32 MP: 8/12
  3413 | D:4      | Reached skill level 5 in Conjurations
  3934 | D:5      | Entered Level 5 of the Dungeon
  3935 | D:5      | Found a staircase to the Ecumenical Temple.
  3945 | D:5      | Reached XP level 7. HP: 36/36 MP: 7/14
  3954 | Temple   | Entered the Ecumenical Temple
  4032 | Temple   | Became a worshipper of Hepliaklqana the Forgotten
  4197 | D:5      | Found a shadowy altar of Dithmenos.
  4219 | D:5      | Noticed Menkaure
  4245 | D:5      | Killed Menkaure
  4246 | D:5      | Reached skill level 7 in Air Magic
  4683 | D:5      | Reached skill level 5 in Spellcasting
  4683 | D:5      | Reached skill level 8 in Air Magic
  4683 | D:5      | Reached XP level 8. HP: 41/41 MP: 7/16
  5084 | D:5      | Reached skill level 1 in Fighting
  5896 | D:6      | Reached skill level 9 in Air Magic
  6089 | D:6      | Noticed Sigmund
  6105 | D:6      | Killed Sigmund
  6221 | D:6      | Reached skill level 1 in Fire Magic
  6307 | D:6      | Reached XP level 9. HP: 48/52 MP: 10/19
  6442 | D:6      | Found a shimmering altar of Xom.
  6483 | D:6      | Found an iron altar of Okawaru.
  6766 | D:6      | Reached * piety under Hepliaklqana
  6868 | D:7      | Noticed a rime drake
  6870 | D:7      | Noticed a rime drake
  6871 | D:7      | Noticed a rime drake
  6872 | D:7      | Noticed a rime drake
  6879 | D:7      | Killed a rime drake
  6880 | D:7      | Reached skill level 10 in Air Magic
  6892 | D:7      | Killed a rime drake
  6893 | D:7      | Reached skill level 5 in Fire Magic
  6895 | D:7      | Killed a rime drake
  6896 | D:7      | Reached skill level 5 in Fighting
  6897 | D:7      | Killed a rime drake
  7120 | D:7      | Reached skill level 11 in Air Magic
  7437 | D:7      | Found the +4 skin of Zhor {*Englaciate rC+++ SInv}
  7439 | D:7      | Noticed a rime drake
  7440 | D:7      | Noticed a rime drake
  7582 | D:7      | Reached XP level 10. HP: 54/54 MP: 14/20
  8266 | D:8      | Learned a level 6 spell: Plasma Beam
  8507 | D:8      | Reached skill level 12 in Air Magic
  9451 | D:9      | Reached ** piety under Hepliaklqana
  9452 | D:9      | Remembered your ancestor Reggie B. as a hexer
  9696 | D:9      | Reached skill level 10 in Fire Magic
  9747 | D:9      | Noticed a centaur warrior
  9877 | D:9      | Killed a centaur warrior
  9959 | D:9      | Reached skill level 13 in Air Magic
  9959 | D:9      | Reached XP level 11. HP: 61/61 MP: 0/21
  9960 | D:9      | Identified the +1 leather armour "Ecsohoh" {rC+ Str+3}
 10099 | D:9      | Noticed a five-headed hydra
 10107 | D:9      | Killed a five-headed hydra
 10118 | D:9      | Noticed a cyclops
 10224 | D:9      | Killed a cyclops
 10248 | D:9      | Noticed a centaur warrior
 10253 | D:9      | Noticed a six-headed hydra
 10254 | D:9      | Shot with an arrow by a centaur warrior

Illustrated notes

Levels and vault maps discovered:
D:1:      dpeg_arrival_connections, layout_loops_ring,
          chequers_ecumenical_altar_island
D:2:      layout_basic
D:3:      layout_basic, fedhas_ov_isle_minmay, kennysheep_vampire_church,
          minmay_misc_feat_doors, nicolae_figureground_pulse
D:4:      layout_basic
D:5:      layout_loops_ring, grunt_dithmenos_smoke,
          minmay_temple_entry_offerings, dk_vineyard_1, uniq_menkaure
D:6:      layout_gridville, xom_butterflies, mainiacjoe_overflow_cross_hatched,
          minmay_misc_feat_rugged, minmay_misc_feat_room,
          nicolae_zen_rock_garden, uniq_sigmund
D:7:      layout_loops_ring, hellmonk_guarded_unrand_zhor
D:8:      layout_basic
D:9:      minmay_the_grid_plus [minmay_the_grid_minigrid_small_alt,
          minmay_the_grid_stretched_grid, minmay_the_grid_empty,
          minmay_the_grid_all_tris, minmay_the_grid_prize_four_corners],
          layout_rooms, bh_circular_ruins
Temple:   nicolae_temple_two_arcs

Skill      XL: |  1  2  3  4  5  6  7  8  9 10 |
---------------+-------------------------------+-----
Conjurations   | 2 3 4 5 6 |  6.0
Air Magic      | 5 6 8 9 11 13 | 13.4
Spellcasting   | 3 4 5 6 |  6.0
Fighting       | 3 6 8 |  8.5
Fire Magic     | 2 7 11 | 11.8
Dodging        | |  2.1
Stealth        | |  2.0

Action                     |  1- 3 |  4- 6 |  7- 9 | 10-12 || total
---------------------------+-------+-------+-------+-------++-------
  Melee: Unarmed           |     5 |       |       |       ||     5
         Staff             |     3 |     2 |       |       ||     5
         Kick              |       |     2 |       |       ||     2
         Peck              |       |     1 |       |       ||     1
   Cast: Shock             |    76 |    92 |    84 |    63 ||   315
         Static Discharge  |       |     5 |    25 |    12 ||    42
         Airstrike         |       |     1 |    29 |    21 ||    51
         Plasma Beam       |       |       |       |    13 ||    13
 Invoke: Ancestor Identity |       |       |     1 |     1 ||     2
         Recall Ancestor   |       |       |       |     3 ||     3
         Ancestor Life: He |       |       |       |     1 ||     1
    Use: Scroll            |       |     4 |     1 |       ||     5
         Potion            |       |       |     1 |     1 ||     2
 Armour: Robe              |     4 |     1 |     1 |       ||     6
         Animal skin       |       |       |       |     2 ||     2
  Dodge: Dodged            |     9 |    13 |    28 |    29 ||    79
